 Dungeon Crawl Stone Soup version 0.31.0-11-ge490571c62 (webtiles) character file.

Game seed: 8970993483660731989

1622899 oldriver the Conqueror (level 27, 228/228 HPs)
             Began as a Djinni Conjurer on Jan 28, 2024.
             Was the Champion of Makhleb.
             Escaped with the Orb
             ... and 3 runes!
             The game lasted 02:54:21 (75752 turns).

oldriver the Conqueror (Djinni Conjurer)           Turns: 75752, Time: 02:54:22

Health: 228/228    AC: 33    Str: 15    XL:     27
Gold:   3304       EV: 28    Int: 36    God:    Makhleb [******] SH: 10 Dex: 21

rFire   + + +        w - +7 double sword "Qierais" {venom, rN+ Will+ Str+3 Dex-3}
rCold   + . .        y - +3 buckler {AC+3}
rNeg    + . .        O - +7 faerie dragon scales {+Blink rF+ rCorr}
rPois   ∞            V - +1 helmet {SInv}
rElec   +            u - +4 dragonskin cloak
rCorr   +            E - +2 pair of gloves {Dex+3}
SInv    +            (boots unavailable)
Will    +++..        N - amulet of the Commoners {^Contam Regen+ Int+8 Dex+5}
Stlth   ++           m - ring of Zizxuipt {rF+ rC+}
HPRegen 2.18/turn    X - ring of Yblumed {Ice rElec MP+9 Str+4 SInv}
MPRegen 0.00/turn

%: no passive effects
@: flying, studying 5 skills
A: sickness immunity, fire resistance 2, cold vulnerability 1, float, innate
caster, HP casting, extra vitality 1, regeneration 1, sturdy frame 1
0: Orb of Zot
}: 3/15 runes: barnacled, slimy, gossamer
a: Renounce Religion, Evoke Blink, Minor Destruction, Lesser Servant of Makhleb,
Major Destruction, Greater Servant of Makhleb


You escaped.
You worshipped Makhleb.
Makhleb was exalted by your worship.
You visited 12 branches of the dungeon, and saw 55 of its levels.
You visited 1 bazaar.
You also visited: Ossuary and Desolation.

You collected 7409 gold pieces.
You spent 4105 gold pieces at shops.

Inventory:

Hand Weapons
 w - the +7 double sword "Qierais" (weapon) {venom, rN+ Will+ Str+3 Dex-3}
   (You took it off an imperial myrmidon in the Desolation of Salt)

   Str+3:     It affects your strength (+3).
   Dex-3:     It affects your dexterity (-3).
   rN+:       It protects you from negative energy.
   Will+:     It increases your willpower.
 R - the +9 morningstar of Terror {flame, rPois rF+ rN+ Int+4}
   (You bought it in a shop on level 2 of the Shoals)

   Int+4:     It affects your intelligence (+4).
   rF+:       It protects you from fire.
   rPois:     It protects you from poison rN+: It protects you from negative
   energy.
Missiles
 U - 8 throwing nets
Armour
 u - the +4 dragonskin cloak (worn)
   (You took it off Tiamat on level 1 of the Realm of Zot)

   Avatar's Aegis: It grants the wearer a chance to resist fire, cold, poison,
   electricity, acid, and negative energy.
 y - a +3 buckler of protection (worn)
 E - a +2 pair of gloves of dexterity (worn)
 O - the +7 faerie dragon scales (worn) {+Blink rF+ rCorr}
   (You took it off the Enchantress on level 2 of the Depths)

   rF+:       It protects you from fire.
   +Blink:    It lets you blink.
   rCorr:     It protects you from acid and corrosion.
 V - a +1 helmet of see invisible (worn)
Magical Staves
 d - the staff of the Jester {rElec Str+4 Air}
   (You acquired it on level 3 of the Elven Halls)

   [staff of air]

   Base accuracy: +5 Base damage: 5 Base attack delay: 1.2 This weapon's minimum
   attack delay (0.6) is reached at skill level 12.
   Str+4:     It affects your strength (+4).
   rElec:     It insulates you from electricity.
   Air:       It increases the power of your Air spells.
   It falls into the 'Staves' category.
   It is a one-handed weapon.
Jewellery
 m - the ring of Zizxuipt (left hand) {rF+ rC+}
   (You found it in the Desolation of Salt)

   [ring of protection from cold]

   rF+:       It protects you from fire.
   rC+:       It protects you from cold.
 z - the ring of Xanev {Fire +Blink Str-3 Slay+3 Stlth+}
   (You found it in the Desolation of Salt)

   [ring of fire]

   Fire:      It enhances your fire magic.
   Str-3:     It affects your strength (-3).
   Slay+3:    It affects your accuracy & damage with ranged weapons and melee
   (+3).
   rF+:       It protects you from fire.
   rC-:       It makes you vulnerable to cold.
   +Blink:    It lets you blink.
   Stlth+:    It makes you more stealthy.
 N - the amulet of the Commoners (around neck) {^Contam Regen+ Int+8 Dex+5}
   (You found it on level 11 of the Dungeon)

   [amulet of regeneration]

   Int+8:     It affects your intelligence (+8).
   Dex+5:     It affects your dexterity (+5).
   ^Contam:   It causes magical contamination when unequipped.
   Regen+:    It increases your rate of health regeneration.
 T - a ring of resist corrosion
 X - the ring of Yblumed (right hand) {Ice rElec MP+9 Str+4 SInv}
   (You took it off Josephina on level 3 of the Crypt)

   [ring of ice]

   Ice:       It enhances your ice magic.
   Str+4:     It affects your strength (+4).
   rF-:       It makes you vulnerable to fire.
   rC+:       It protects you from cold.
   rElec:     It insulates you from electricity.
   MP+9:      It affects your magic capacity (+9).
   SInv:      It lets you see invisible.
Wands
 a - a wand of digging (13)
 l - a wand of acid (48)
 o - a wand of charming (47)
 t - a wand of roots (35)
 C - a wand of mindburst (44)
 J - a wand of polymorph (5)
Scrolls
 j - 15 scrolls of teleportation
 p - 4 scrolls of blinking
 q - 21 scrolls of identify
 s - 10 scrolls of vulnerability
 x - 5 scrolls of fog
 B - 8 scrolls of revelation
 F - 6 scrolls of immolation
 G - 5 scrolls of enchant weapon
 H - 2 scrolls of silence
 K - 13 scrolls of poison
 M - 6 scrolls of fear
 W - 3 scrolls of butterflies
Potions
 b - 6 potions of mutation
 c - a potion of lignification
 e - a potion of ambrosia
 h - 3 potions of haste
 i - 22 potions of curing
 k - 10 potions of heal wounds
 n - 4 potions of cancellation
 r - 9 potions of resistance
 v - 10 potions of brilliance
 A - 9 potions of might
 D - 5 potions of invisibility
 I - 2 potions of enlightenment
 P - 2 potions of attraction
 Q - 2 potions of berserk rage
Miscellaneous
 f - a lightning rod (4/4)
 g - a condenser vane
 L - a phial of floods
 S - a phantom mirror


   Skills:
 O Level 27 Fighting
 - Level 18.0 Armour
 - Level 21.0 Dodging
 - Level 8.0 Stealth
 - Level 10.0 Shields
 O Level 27 Spellcasting
 + Level 26.2 Conjurations
 + Level 26.2 Hexes
 + Level 26.2 Summonings
 + Level 26.2 Necromancy
 + Level 26.2 Translocations
 O Level 27 Fire Magic
 + Level 26.2 Ice Magic
 + Level 26.2 Air Magic
 + Level 26.2 Earth Magic
 + Level 26.2 Alchemy
 - Level 8.0 Evocations


You knew the following spells:

 Your Spells              Type           Power      Damage    Failure   Level
a - Magic Dart            Conj           100%       1d8       0%          1
b - Searing Ray           Conj           100%       2d8       0%          2
c - Sticky Flame          Fire/Alch      100%       2d15      0%          4
d - Fulminant Prism       Conj/Alch      63%        3d26      0%          4
e - Slow                  Hex            100%       N/A       0%          1
f - Summon Forest         Summ/Tloc      63%        N/A       0%          5
g - Summon Cactus Giant   Summ           63%        N/A       0%          6
h - Haunt                 Necr/Summ      63%        N/A       0%          7
i - Eringya's Noxious Bo  Alch           63%        4d6       0%          6
j - Disjunction           Tloc           63%        N/A       1%          8
k - Dragon's Call         Summ           63%        N/A       1%          9
l - Lehudib's Crystal Sp  Conj/Erth      63%        10d14     1%          8
p - Plasma Beam           Fire/Air       63%        2x1d79    0%          6
s - Swiftness             Air            100%       N/A       0%          3
v - Mercury Vapours       Alch/Air       100%       N/A       0%          2
w - Passwall              Erth           100%       N/A       0%          3
z - Iskenderun's Mystic   Conj/Tloc      100%       2d19      0%          4
Your spell library was empty.

Dungeon Overview and Level Annotations

Branches:
Dungeon (15/15)            Temple (1/1) D:7            Lair (5/5) D:9
 Shoals (4/4) Lair:2       Spider (4/4) Lair:3        Slime (5/5) Lair:4
    Orc (2/2) D:11            Elf (3/3) Orc:2        Vaults (4/5) D:13
  Crypt (3/3) Vaults:3       Tomb (0/3) Crypt:3      Depths (4/4) D:15
    Zot (5/5) Depths:4    Ossuary (visited)         Desolation (visited)

Altars:
Ashenzari
Cheibriados
Dithmenos
Elyvilon
Fedhas
Gozag
Hepliaklqana
Makhleb
Nemelex Xobeh
Okawaru
Qazlal
Ru
Trog
Uskayaw
Wu Jian
Xom
Yredelemnul
Zin
The Shining One
Jiyva
Lugonu

Shops:
D:6 :   D:13 *   Orc:2 :*[(   Elf:1 :   Elf:2 ==:   Shoals:2 *   Vaults:2 :
Vaults:3 =   Vaults:4 [   Depths:2 [[[

Portals:
Hell: Depths:1 Depths:2 Depths:3 Depths:4
Abyss: D:7 Depths:1 Depths:3 Depths:4
Pandemonium: Depths:2 Depths:3
Ziggurat: Depths:2
Trove: Vaults:2 (give 3 scrolls of blinking)

Annotations:
D:4 2 transporters, MrSquiggles's ghost, amateur DsWn
D:7 2 transporters, Zeo's ghost, novice DrHu
Lair:2 3 runed translucent doors, Biggs's ghost, journeyman OpSh
Spider:3 1 runed translucent door, zewo's ghost, adept DjEE
Orc:1 1 transporter, barkas's ghost, journeyman CeMo
Elf:2 3 runed translucent doors
Zot:2 2 transporters, Rais Zisar's ghost, master VSBe


Innate Abilities, Weirdness & Mutations

You are immune to sickness and miasma.
You are immune to poison.
Your flesh is very heat resistant. (rF++)
You are vulnerable to cold. (rC-)
You float through the air rather than walking.
You learn spells naturally, not from books.
Your magical power is your life essence.
You have superior vitality. (+4 MHP)
Your natural rate of healing is unusually fast.
Your movements are slightly less encumbered by armour. (ER -2)


Message History

You fly upwards.
There is a stone staircase leading down here.
What level of the Dungeon? (default 1, ? - help)
There is a stone staircase leading up here.
You fly upwards.
Level annotation: 2 transporters, MrSquiggles's ghost, amateur DsWn
There is a stone staircase leading down here.
There is a stone staircase leading up here.
You fly upwards.
There is a stone staircase leading down here.
There is a stone staircase leading up here.
You fly upwards.
There is a stone staircase leading down here.
There is a stone staircase leading up here.
You fly upwards.
An Orb Guardian comes into view.
There is a stone staircase leading down here.
The bolt of lightning misses the Orb Guardian.
The fiery plasma misses the Orb Guardian.
The bolt of lightning hits the Orb Guardian.
The Orb Guardian is lightly wounded.
The fiery plasma misses the Orb Guardian.
The bolt of lightning hits the Orb Guardian!!!
The Orb Guardian is almost dead.
The fiery plasma misses the Orb Guardian.
The bolt of lightning misses the Orb Guardian.
The fiery plasma hits the Orb Guardian!!!
You kill the Orb Guardian!
Makhleb accepts your kill.
You feel better.
What level of the Dungeon? (default 1, ? - help) You're already here!
You see here an amulet of magic regeneration.
Aiming: Dig
Press: ? - help, Shift-Dir - straight line A rock wall.
This square is covered in magical glow.
The rock shatters into small pieces.
There is a staircase leading out of the dungeon here.
You have escaped!

#...# #
######...########################
...............................>#
.#.......########....#####.......
.....#...# ######'#.# #.......
#..###...# #......+.# #.......
#.## #...####.####+### #.......
#>####...........#.# #.......
........."..#.+.@'.# ######.#
...########.#.#..#.########......
...########.#.####.##....##.###.#
...##.......#......##....##.# #.#
...##.###############....##.###.#
......# #...........#...##.#
#+#...# #...........#.......
#...:.# #...............##.#
#.....# #..............###.#


There were no monsters in sight!

Vanquished Creatures
  the Royal Jelly (Slime:5)
  Frederick (Depths:3)
  An ancient lich (Zot:5)
  Tiamat (Zot:1)
  3 dread liches (Zot:5)
  Mara (Vaults:2)
  8 orbs of fire (Zot:5)
  Mennas (Vaults:2)
  Vv (Crypt:3)
  Sojobo (Depths:3)
  6 Killer Klowns
  Bai Suzhen (Depths:1)
  A curse toe (Zot:4)
  6 golden dragons
  2 profane servitors
  Nikola (Depths:1)
  Jory (Depths:4)
  Norris (Elf:1)
  Arachne (Spider:4)
  the Enchantress (Depths:2)
  A bone dragon (Depths:4)
  5 electric golems
  Jorgrun (Orc:1)
  Mlioglotl (Shoals:2)
  28 Orb Guardians
  8 tentacled monstrosities
  6 liches
  2 deep elf blademasters
  5 quicksilver dragons
  The ghost of Taocaav the Crack Shot, an adept CeHu of Okawaru (Spider:1)
  19 acid blobs
  A walking frostbound tome (Depths:4)
  The ghost of endersaim the Spry, an adept MfSk of Qazlal (Spider:1)
  A titan (Depths:2)
  2 deep elf master archers (Elf:3)
  Polyphemus (Shoals:2)
  8 sphinxes
  4 ancient champions
  2 krakens (Shoals:4)
  5 tengu reavers
  17 death cobs
  Frances (D:12)
  Kirke (D:14)
  11 storm dragons
  Roxanne (Shoals:1)
  5 frost giants
  3 revenants (Crypt:3)
  5 protean progenitors
  8 shadow dragons
  10 azure jellies
  7 draconian monks (Zot:1)
  The ghost of Gohat the Executioner, a journeyman HOBe of Trog (Spider:1)
  The ghost of Gohat the Executioner, a journeyman HOBe of Trog (Spider:1)
  6 fire giants
  Aizul (Vaults:1)
  2 emperor scorpions
  12 rockslimes
  4 draconian knights
  7 deep elf sorcerers
  5 ghost moths
  9 draconian shifters
  8 vault wardens
  2 imperial myrmidons (Desolation)
  3 nameless horrors (Depths:4)
  4 draconian scorchers
  6 deep elf elementalists (Elf:3)
  An iron dragon (Depths:2)
  8 ghouls
  An orc warlord (Vaults:2)
  5 curse skulls
  6 draconian stormcallers
  4 broodmothers (Spider:4)
  7 draconian annihilators
  A reaper (Crypt:2)
  4 spriggan defenders
  5 formless jellyfish
  7 stone giants
  17 ironbound preservers
  13 quicksilver oozes
  19 very ugly things
  15 green draconians
  3 vampire knights
  9 ironbound thunderhulks
  5 deep elf demonologists (Elf:3)
  8 deep elf annihilators (Elf:3)
  9 yellow draconians
  Nessos (D:14)
  13 black draconians
  6 white draconians
  5 deep elf death magi
  12 purple draconians
  3 halazid warlocks (Desolation)
  5 red draconians
  A war gargoyle (Vaults:4)
  5 dire elephants
  4 spark wasps
  A minotaur (Shoals:4)
  3 eidola
  9 fire dragons
  9 ettins
  4 merfolk impalers
  7 yaktaur captains
  9 entropy weavers
  A spectral iron giant (Crypt:3)
  6 jiangshi
  3 deep elf high priests
  7 servants of whispers (Desolation)
  8 ice dragons
  10 vault guards
  3 ogre magi
  8 ragged hierophants (Desolation)
  11 great orbs of eyes
  7 peacekeepers
  7 spriggan air magi
  A quicksilver dragon skeleton (Crypt:2)
  7 hydras
  15 ironbound frosthearts
  A jorogumo (Spider:1)
  10 two-headed ogres
  3 radroaches
  2 rakshasas (Depths:2)
  4 merfolk aquamancers
  2 catoblepae
  11 satyrs (Shoals:4)
  4 alligator snapping turtles
  5 merfolk avatars
  5 tengu warriors
  19 centaur warriors
  5 deep troll shamans
  12 boulder beetles
  A sphinx skeleton (Crypt:3)
  21 dancing weapons
  3 vampire magi
  A death scarab (Spider:4)
  4 death yaks (Shoals:2)
  3 occultists
  5 demonic crawlers
  Urug (D:10)
  3 orc high priests (Orc:2)
  4 deep troll earth magi
  A shock serpent (shapeshifter) (Depths:2)
  9 spriggan berserkers
  15 deep elf knights
  3 soul eaters
  A titan skeleton (Crypt:3)
  9 hell knights
  17 skeletal warriors
  4 iron trolls (Depths:3)
  4 pharaoh ants
  7 skysharks
  5 glowing orange brains
  A storm dragon skeleton (Crypt:2)
  64 deep trolls
  13 shadow wraiths
  A bunyip zombie (Crypt:2)
  14 orb spiders
  14 sea snakes
  A sun moth (Spider:2)
  3 goliath frogs (Shoals:3)
  A swamp dragon (Lair:5)
  A swamp dragon (shapeshifter) (Elf:2)
  8 flayed ghosts
  A death drake (shapeshifter) (Depths:2)
  12 deep elf archers
  An obsidian statue (Zot:5)
  5 necromancers
  3 bog bodies
  6 arcanists
  10 lindwurms
  An anaconda skeleton (Crypt:2)
  26 deep elf pyromancers
  3 steelbarb worms
  24 ironbound convokers
  18 wolf spiders
  26 deep elf zephyrmancers
  A wolf spider zombie (Crypt:2)
  29 phantasmal warriors
  49 ugly things
  30 harpies
  14 orc knights
  A lightning spire (Zot:3)
  17 cyclopes
  6 orc sorcerers (Orc:2)
  25 manticores
  4 shining eyes
  12 fauns
  5 guardian serpents
  6 merfolk sirens
  A formless jellyfish zombie (Crypt:1)
  4 elephants
  3 kobold blastminers (Orc:2)
  8 meliai
  3 water nymphs
  30 moths of wrath
  7 vault sentinels
  An eye of devastation (Slime:5)
  5 torpor snails
  11 black mambas
  A gargoyle (D:12)
  A molten gargoyle (Desolation)
  13 cane toads
  Joseph (D:10)
  Maggie (D:10)
  A storm dragon simulacrum (Crypt:3)
  A torpor snail (shapeshifter) (Elf:3)
  3 rime drakes (Lair:5)
  2 kobold demonologists
  2 unseen horrors
  An efreet (D:15)
  A hellion (Zot:4)
  6 komodo dragons
  A yaktaur (shapeshifter) (D:15)
  8 freezing wraiths
  4 tengu conjurers
  24 yaktaurs
  A grey draconian skeleton (Crypt:2)
  A purple draconian skeleton (Crypt:1)
  An ice devil (D:8)
  8 trolls
  4 tyrant leeches
  A spectral harpy (Crypt:3)
  24 merfolk
  A red draconian skeleton (Crypt:1)
  A queen bee (D:11)
  4 wind drakes
  9 hornets
  4 polar bears
  7 glass eyes
  50 saltlings (Desolation)
  27 tarantellas
  A tarantella (shapeshifter) (Depths:1)
  A raiju (shapeshifter) (Elf:2)
  A stone giant simulacrum (Crypt:2)
  11 snapping turtles
  A spriggan zombie (Depths:1)
  6 dream sheep (Shoals:4)
  9 blink frogs
  A radroach zombie (Crypt:3)
  14 jumping spiders
  111 slime creatures
  3 air elementals
  21 culicivoras
  13 shadows
  A fire dragon skeleton (Crypt:3)
  8 spriggans
  A wind drake zombie (Crypt:3)
  A fire elemental (Elf:3)
  19 water elementals
  11 wraiths
  An ettin skeleton (Depths:1)
  15 wyverns
  A yak (shapeshifter) (D:14)
  20 golden eyes
  36 redbacks
  3 wargs
  27 yaks
  5 hogs (D:14)
  3 steam dragons
  8 vampire mosquitoes
  6 basilisks
  A skyshark zombie (Crypt:2)
  4 acid dragons
  A swamp worm (shapeshifter) (D:15)
  20 water moccasins
  2 swamp drakes (Lair:5)
  A blink frog zombie (Crypt:2)
  An ice beast (D:5)
  13 orc warriors
  4 sky beasts
  4 black bears
  13 laughing skulls
  4 spriggan simulacra
  3 wolves (Lair:5)
  A snapping turtle skeleton (Crypt:2)
  16 centaurs
  4 ogres
  2 phantoms
  9 weeping skulls (Crypt:3)
  A salamander zombie (Crypt:2)
  2 kobold brigands
  A hog skeleton (Crypt:3)
  A necrophage (Crypt:2)
  15 bullfrogs
  A gnoll sergeant (D:12)
  11 scorpions
  A water moccasin zombie (Crypt:3)
  An earth elemental (Elf:1)
  A polar bear zombie (Crypt:2)
  A yak zombie (Crypt:3)
  17 killer bees
  A raiju skeleton (Crypt:2)
  A yak skeleton (Crypt:2)
  An electric eel (Lair:2)
  7 howler monkeys
  4 centaur zombies
  2 bombardier beetles (D:4)
  6 hounds
  A black bear zombie (Crypt:1)
  14 orc priests
  2 human zombies (Ossuary)
  13 jellies (Lair:4)
  A sleepcap (D:6)
  A basilisk skeleton (Crypt:2)
  10 iguanas
  25 orc wizards
  3 scorpion zombies (Ossuary)
  A deep dwarf zombie (Crypt:3)
  3 mummies (Ossuary)
  9 gnolls
  7 adders
  3 adder zombies (Ossuary)
  2 iguana skeletons
  2 ribbon worms (D:2)
  3 dart slugs (D:2)
  49 orcs
  5 ball pythons
  11 endoplasms
  A giant cockroach (D:3)
  9 hobgoblins
  A jackal (D:2)
  2 quokkas
  4 ball python zombies (Ossuary)
  5 bats
  2 frilled lizards
  A gnoll zombie (Ossuary)
  8 goblins
  A hobgoblin zombie (Crypt:1)
  5 jackal zombies (Ossuary)
  13 kobolds
  4 rats
  A rat skeleton (Crypt:3)
  5 aspiring fleshes
  A fulminant prism (D:10)
  6 tentacles (Shoals:4)
2338 creatures vanquished.

Vanquished Creatures (collateral kills)
  Xtahua (Depths:4)
  Josephina (Crypt:3)
  A storm dragon (Depths:4)
  A draconian knight (Depths:4)
  2 orc warlords (Depths:3)
  A very ugly thing (Depths:4)
  2 stone giants (Depths:3)
  2 yellow draconians (Depths:4)
  A red draconian (Depths:4)
  A black draconian (Depths:4)
  5 crystal guardians
  A servant of whispers (Desolation)
  An ice dragon (Depths:4)
  A ragged hierophant (Desolation)
  A spriggan berserker (Depths:4)
  2 spriggans (Depths:4)
  2 hell knights (Vaults:4)
  A skeletal warrior (Crypt:3)
  A deep troll (Vaults:3)
  A necromancer (Vaults:4)
  2 deep elf archers (Depths:3)
  3 orc knights (Depths:3)
  A deep elf zephyrmancer (Elf:2)
  A cyclops (D:13)
  3 elephants (Lair:3)
  A cane toad (Lair:3)
  A molten gargoyle (Desolation)
  A rime drake (Lair:5)
  A komodo dragon (Lair:3)
  3 hornets (Depths:4)
  5 saltlings (Desolation)
  2 jumping spiders (Lair:3)
  A wyvern (Lair:3)
  2 yaks (Lair:4)
  An acid dragon (D:11)
  A swamp drake (Lair:5)
  A bullfrog (Lair:3)
  An earth elemental (Elf:2)
  A deep troll simulacrum (Crypt:3)
61 creatures vanquished.

Vanquished Creatures (others)
  A fire giant (Depths:1)
  A yaktaur captain (Depths:3)
  A quokka (Depths:3)
  61 fulminant prisms
  3 snaplasher vines
  2 tentacles (Shoals:4)
69 creatures vanquished.

Grand Total: 2468 creatures vanquished

Notes
Turn   | Place    | Note
-------+----------+-------------------------------------------
     0 | D:1      | oldriver the Djinni Conjurer began the quest for the Orb.
     0 | D:1      | oldriver set off with the following spells memorised: Magic
                  | Dart, Searing Ray, Fulminant Prism, Iskenderun's Mystic
                  | Blast.
     0 | D:1      | Reached XP level 1. HP: 15/15 MP: 0/0
   323 | D:1      | Reached skill level 1 in Fighting
   323 | D:1      | Reached XP level 2. HP: 17/22 MP: 0/0
   603 | D:2      | Noticed an ogre
   664 | D:2      | Reached XP level 3. HP: 20/28 MP: 0/0
   664 | D:2      | Learned a level 1 spell: Slow
   783 | D:2      | Identified the +6 dagger of Trial by Ordeal {freeze, Str+2
                  | Stlth+}
   792 | D:2      | Killed an ogre
   793 | D:2      | Reached XP level 4. HP: 25/35 MP: 0/0
   793 | D:2      | Reached XP level 5. HP: 29/40 MP: 0/0
   793 | D:2      | Learned a level 2 spell: Mercury Vapours
  1968 | D:3      | Noticed a kobold brigand
  2000 | D:3      | Killed a kobold brigand
  2001 | D:3      | Reached XP level 6. HP: 33/48 MP: 0/0
  2510 | D:4      | Reached skill level 5 in Fighting
  2584 | D:4      | Noticed MrSquiggles's ghost (amateur DsWn)
  2686 | D:4      | Reached XP level 7. HP: 53/54 MP: 0/0
  2686 | D:4      | Learned a level 3 spell: Passwall
  2691 | D:4      | Found a transporter.
  2695 | D:4      | Found a transporter.
  3133 | D:5      | Entered Level 5 of the Dungeon
  3488 | D:5      | Reached skill level 5 in Spellcasting
  3488 | D:5      | Reached skill level 5 in Conjurations
  3488 | D:5      | Reached skill level 5 in Hexes
  3488 | D:5      | Reached skill level 5 in Summonings
  3488 | D:5      | Reached skill level 5 in Necromancy
  3488 | D:5      | Reached skill level 5 in Translocations
  3488 | D:5      | Reached skill level 5 in Fire Magic
  3488 | D:5      | Reached skill level 5 in Ice Magic
  3488 | D:5      | Reached skill level 5 in Air Magic
  3488 | D:5      | Reached skill level 5 in Earth Magic
  3488 | D:5      | Reached skill level 5 in Alchemy
  3909 | D:5      | Reached XP level 8. HP: 56/62 MP: 0/0
  4734 | D:6      | Reached XP level 9. HP: 35/71 MP: 0/0
  4734 | D:6      | Learned a level 3 spell: Swiftness
  4741 | D:6      | Found a sand-covered staircase.
  4761 | Ossuary  | Entered an ossuary
  5823 | D:6      | Reached skill level 10 in Fighting
  6025 | D:6      | Identified the +0 cloak of Lyomon {rCorr MP+9}
  6214 | D:6      | Found Zoceb's Book Boutique.
  6723 | D:7      | Noticed a troll
  6727 | D:7      | Reached XP level 10. HP: 69/81 MP: 0/0
  6828 | D:7      | Found a transporter.
  6831 | D:7      | Found a staircase to the Ecumenical Temple.
  6876 | D:7      | Found a transporter.
  6876 | D:7      | Noticed a large abomination
  6894 | D:7      | Found a one-way gate to the infinite horrors of the Abyss.
  6894 | D:7      | Noticed Zeo's ghost (novice DrHu)
  9257 | D:8      | Found an opulent altar of Gozag.
  9887 | D:9      | Noticed a kobold demonologist
  9897 | D:9      | Killed a kobold demonologist
 10243 | D:9      | Reached XP level 11. HP: 80/90 MP: 0/0
 10243 | D:9      | Learned a level 4 spell: Sticky Flame
 10306 | D:9      | Found a staircase to the Lair.
 10729 | D:10     | Entered Level 10 of the Dungeon
 10748 | D:10     | Noticed Joseph
 10860 | D:10     | Killed Joseph
 11037 | D:10     | Noticed Maggie
 11056 | D:10     | Killed Maggie
 11285 | D:10     | Found a glowing silver altar of Zin.
 11665 | D:10     | Noticed Urug
 11681 | D:10     | Noticed a two-headed ogre
 11681 | D:10     | Killed Urug
 11682 | D:10     | Reached skill level 1 in Armour
 12045 | D:10     | Killed a two-headed ogre
 12157 | D:10     | Found a snail-covered altar of Cheibriados.
 13556 | Lair:1   | Entered Level 1 of the Lair of Beasts
 13752 | Lair:1   | Reached XP level 12. HP: 61/100 MP: 0/0
 14292 | Lair:1   | Reached skill level 5 in Dodging
 15093 | Lair:2   | Noticed a skyshark
 15103 | Lair:2   | Killed a skyshark
 15551 | Lair:2   | Noticed a four-headed hydra
 15596 | Lair:2   | Killed a four-headed hydra
 15597 | Lair:2   | Reached skill level 15 in Fighting
 16093 | Lair:2   | Found a staircase to the Shoals.
 16474 | Lair:2   | Found a runed translucent gate.
 16474 | Lair:2   | Found a runed translucent gate.
 16474 | Lair:2   | Found a runed translucent gate.
 16683 | Lair:2   | Noticed Biggs's ghost (journeyman OpSh)
 16931 | Lair:3   | Noticed a five-headed hydra
 16947 | Lair:3   | Killed a five-headed hydra
 17277 | Lair:3   | Reached XP level 13. HP: 63/108 MP: 0/0
 17277 | Lair:3   | Learned a level 5 spell: Summon Forest
 17715 | Lair:3   | Found a hole to the Spider Nest.
 18291 | Lair:4   | Noticed a five-headed hydra
 18702 | Lair:4   | Killed a five-headed hydra
 19193 | Lair:4   | Found a staircase to the Slime Pits.
 19193 | Lair:4   | Found a viscous altar of Jiyva.
 19488 | Lair:5   | Entered Level 5 of the Lair of Beasts
 19488 | Lair:5   | Noticed an eight-headed hydra
 19496 | Lair:5   | Killed an eight-headed hydra
 19724 | Lair:5   | Noticed a catoblepas
 20440 | Lair:5   | Reached skill level 10 in Spellcasting
 20440 | Lair:5   | Reached skill level 10 in Conjurations
 20440 | Lair:5   | Reached skill level 10 in Hexes
 20440 | Lair:5   | Reached skill level 10 in Summonings
 20440 | Lair:5   | Reached skill level 10 in Necromancy
 20440 | Lair:5   | Reached skill level 10 in Translocations
 20440 | Lair:5   | Reached skill level 10 in Fire Magic
 20440 | Lair:5   | Reached skill level 10 in Ice Magic
 20440 | Lair:5   | Reached skill level 10 in Air Magic
 20440 | Lair:5   | Reached skill level 10 in Earth Magic
 20440 | Lair:5   | Reached skill level 10 in Alchemy
 20795 | Temple   | Entered the Ecumenical Temple
 20803 | Temple   | Became a worshipper of Makhleb the Destroyer
 22498 | D:11     | Reached XP level 14. HP: 113/119 MP: 0/0
 22826 | D:11     | Reached skill level 1 in Shields
 23162 | D:11     | Found a staircase to the Orcish Mines.
 23737 | D:11     | Reached * piety under Makhleb
 23948 | D:11     | Identified the amulet of the Commoners {^Contam Regen+
                  | Int+8 Dex+5}
 23948 | D:11     | Identified the +0 scale mail "Vanojicu" {Will++ Dex-2}
 23948 | D:11     | Identified the ring of Zeakka Laim {rElec rCorr Str+2}
 24519 | D:12     | Reached skill level 10 in Dodging
 24723 | D:12     | Noticed Frances
 24740 | D:12     | Killed Frances
 25599 | D:13     | Found a gate to the Vaults.
 25729 | D:13     | Reached ** piety under Makhleb
 25764 | D:13     | Reached XP level 15. HP: 61/126 MP: 0/0
 25764 | D:13     | Learned a level 6 spell: Plasma Beam
 25902 | D:13     | Found Fyloyxt's General Store.
 26523 | Orc:1    | Entered Level 1 of the Orcish Mines
 26640 | Orc:2    | Entered Level 2 of the Orcish Mines
 26752 | Orc:2    | Paralysed by an orc sorcerer for 4 turns
 26892 | Orc:1    | Noticed Jorgrun
 26897 | Orc:1    | Killed Jorgrun
 27140 | Orc:1    | Identified the +3 great mace of the Keeping Sybil {flame,
                  | ^Drain rElec Dex+4}
 27140 | Orc:1    | Identified the +0 great mace "Toilieli" {venom, rElec}
 27141 | Orc:1    | Found a transporter.
 27143 | Orc:1    | Noticed barkas's ghost (journeyman CeMo)
 27273 | Orc:2    | Reached *** piety under Makhleb
 27343 | Orc:2    | Found Kiafos's Antique Weapon Shoppe.
 27343 | Orc:2    | Found Rampio's Book Shoppe.
 27344 | Orc:2    | Found Tyhul's Antique Armour Boutique.
 27344 | Orc:2    | Found Unuseyve's General Store.
 27427 | Orc:2    | Bought a scroll of blinking for 127 gold pieces
 27454 | Orc:2    | Found a staircase to the Elven Halls.
 28006 | D:14     | Noticed Nessos
 28007 | D:14     | Killed Nessos
 28167 | D:14     | Noticed Kirke
 28174 | D:14     | Killed Kirke
 28480 | D:14     | Reached XP level 16. HP: 117/136 MP: 0/0
 28520 | D:15     | Entered Level 15 of the Dungeon
 28531 | D:15     | Reached **** piety under Makhleb
 28690 | D:15     | Found a staircase to the Depths.
 28717 | D:15     | Reached skill level 5 in Shields
 28931 | D:15     | Reached ***** piety under Makhleb
 30103 | Lair:5   | Reached XP level 17. HP: 135/144 MP: 0/0
 30103 | Lair:5   | Learned a level 6 spell: Summon Cactus Giant
 31311 | Spider:1 | Entered Level 1 of the Spider Nest
 31468 | Spider:2 | Reached ****** piety under Makhleb
 31626 | Spider:1 | Noticed Gohat's ghost (journeyman HOBe)
 31628 | Spider:1 | Found a runed translucent gate.
 31628 | Spider:1 | Found a runed translucent gate.
 31629 | Spider:1 | Found a runed translucent gate.
 31631 | Spider:1 | Noticed endersaim's ghost (adept MfSk)
 31644 | Spider:1 | Noticed Gohat's ghost (journeyman HOBe)
 31647 | Spider:1 | Noticed Taocaav's ghost (adept CeHu)
 31652 | Spider:1 | Reached skill level 5 in Armour
 31661 | Spider:1 | Reached skill level 5 in Stealth
 32901 | Spider:3 | Found a runed translucent door.
 32902 | Spider:3 | Noticed zewo's ghost (adept DjEE)
 33345 | Spider:4 | Entered Level 4 of the Spider Nest
 34137 | Spider:4 | Identified the +3 shortbow of Accidental Termination
                  | {heavy, Int+4 Stlth+}
 34316 | Spider:4 | Reached XP level 18. HP: 148/153 MP: 0/0
 34320 | Spider:4 | Noticed Arachne
 34324 | Spider:4 | Killed Arachne
 35305 | Spider:4 | Got a gossamer rune of Zot
 35306 | Spider:4 | Identified the +0 hat "Werejor" {Stlth+}
 35566 | Shoals:1 | Entered Level 1 of the Shoals
 35625 | Shoals:1 | Reached skill level 15 in Dodging
 35688 | Shoals:1 | Found a blossoming altar of Fedhas.
 35851 | Shoals:1 | Noticed Roxanne
 35867 | Shoals:1 | Killed Roxanne
 36472 | Shoals:2 | Noticed Polyphemus
 36480 | Shoals:2 | Killed Polyphemus
 36506 | Shoals:2 | Reached XP level 19. HP: 139/160 MP: 0/0
 36506 | Shoals:2 | Learned a level 6 spell: Eringya's Noxious Bog
 36579 | Shoals:2 | Found Hiq Zeng's Assorted Antiques.
 36592 | Shoals:2 | Bought a runed buckler for 202 gold pieces
 36592 | Shoals:2 | Bought an ichor-stained morningstar for 243 gold pieces
 36592 | Shoals:2 | Identified the +9 morningstar of Terror {flame, rPois rF+
                  | rN+ Int+4} (You bought it in a shop on level 2 of the
                  | Shoals)
 36915 | Shoals:2 | Noticed Mlioglotl
 36968 | Shoals:2 | Killed Mlioglotl
 38363 | Shoals:4 | Entered Level 4 of the Shoals
 38836 | Shoals:4 | Reached skill level 10 in Armour
 39091 | Shoals:4 | Reached XP level 20. HP: 170/170 MP: 0/0
 39285 | Shoals:4 | Reached skill level 1 in Evocations
 39314 | Shoals:4 | Found the +8 Vampire's Tooth {megavamp}
 39499 | Shoals:4 | Got a barnacled rune of Zot
 40176 | Depths:1 | Entered Level 1 of the Depths
 40258 | Depths:1 | Noticed Bai Suzhen
 40426 | Vaults:1 | Entered Level 1 of the Vaults
 41366 | Vaults:1 | Identified the serpent talisman of Untruth {rN+}
 41366 | Vaults:1 | Noticed Aizul
 41372 | Vaults:1 | Killed Aizul
 41890 | Vaults:2 | Noticed Mennas
 42212 | Vaults:2 | Reached skill level 5 in Evocations
 42347 | Vaults:2 | Found Celet's Book Emporium.
 42354 | Vaults:2 | Bought a manual of Dodging for 1120 gold pieces
 42571 | Vaults:2 | Reached XP level 21. HP: 173/177 MP: 0/0
 42571 | Vaults:2 | Learned a level 8 spell: Lehudib's Crystal Spear
 42904 | Vaults:2 | Noticed Mara
 42915 | Vaults:2 | Killed Mara
 42953 | Vaults:2 | Found a portal to a secret trove of treasure.
 43429 | Vaults:2 | Reached skill level 15 in Spellcasting
 43429 | Vaults:2 | Reached skill level 15 in Conjurations
 43429 | Vaults:2 | Reached skill level 15 in Hexes
 43429 | Vaults:2 | Reached skill level 15 in Summonings
 43429 | Vaults:2 | Reached skill level 15 in Necromancy
 43429 | Vaults:2 | Reached skill level 15 in Translocations
 43429 | Vaults:2 | Reached skill level 15 in Fire Magic
 43429 | Vaults:2 | Reached skill level 15 in Ice Magic
 43429 | Vaults:2 | Reached skill level 15 in Air Magic
 43429 | Vaults:2 | Reached skill level 15 in Earth Magic
 43429 | Vaults:2 | Reached skill level 15 in Alchemy
 43654 | Vaults:2 | Killed Mennas
 45040 | Vaults:3 | Found Enut's Jewellery Shop.
 45234 | Vaults:3 | Reached XP level 22. HP: 183/185 MP: 0/0
 45281 | Vaults:3 | Found a staircase to the Crypt.
 45281 | Vaults:3 | Found a basalt altar of Yredelemnul.
 45591 | Vaults:4 | Found a crumbling gateway.
 45627 | Desolati | Entered the Desolation of Salt
 45942 | Desolati | Identified the +5 short sword of Gozag's Inspiration {vamp,
                  | rElec Str+3 Dex+3}
 46102 | Desolati | Identified the amulet of the Kodama {Reflect Rampage rN++
                  | Str+2 Dex-5 SH+5}
 46333 | Desolati | Found the +3 pair of mountain boots {steadfast, rC+}
 46397 | Desolati | Identified the +5 scale mail "Tozi Wie" {Harm Dex+3}
 46407 | Desolati | Identified the ring of Xanev {Fire +Blink Str-3 Slay+3
                  | Stlth+}
 46497 | Desolati | Identified the +7 double sword "Qierais" {venom, rN+ Will+
                  | Str+3 Dex-3}
 46570 | Desolati | Identified the ring of Zizxuipt {rF+ rC+}
 46610 | Desolati | Identified the ring of Sanoeh {Str+6 Stlth+}
 46795 | Vaults:4 | Found Zaiqyise's Antique Armour Shop.
 46804 | Vaults:4 | Bought a warped orb for 336 gold pieces
 46804 | Vaults:4 | Identified the orb of Jungiast {*channel, rPois Slay+2}
                  | (You bought it in a shop on level 4 of the Vaults)
 46804 | Vaults:4 | Bought an embroidered cloak for 180 gold pieces
 46804 | Vaults:4 | Bought a pair of glowing gloves for 180 gold pieces
 47065 | Vaults:4 | Identified a scroll of acquirement
 47404 | Vaults:4 | Reached XP level 23. HP: 152/193 MP: 0/0
 47404 | Vaults:4 | Learned a level 7 spell: Haunt
 48240 | Depths:1 | Killed Bai Suzhen
 48459 | Depths:1 | Acquired a manual of Fire Magic
 48732 | Depths:1 | Identified the +0 dire flail of the Assorted Stories
                  | {spect, Dex+3}
 48773 | Depths:1 | Found a gateway to Hell.
 48862 | Depths:1 | Noticed Nikola
 48868 | Depths:1 | Killed Nikola
 49087 | Depths:1 | Found a corrupted altar of Lugonu.
 49153 | Depths:2 | Found Qoetaur's Antique Armour Shoppe.
 49155 | Depths:2 | Found Emiumn's Armour Emporium.
 49174 | Depths:2 | Found Vuarchusk's Armour Shoppe.
 49397 | Depths:2 | Found a one-way gate leading to the halls of Pandemonium.
 49491 | Depths:2 | Found a one-way gateway to a ziggurat.
 50139 | Depths:2 | Found a shadowy altar of Dithmenos.
 50638 | Depths:3 | Identified the storm talisman "Omiegroh" {rC+ Will+ Stlth-}
 50638 | Depths:3 | Noticed Sojobo
 50749 | Depths:3 | Identified the orb "Archiy" {light, +Blink Dex+2 Stlth-}
 50749 | Depths:3 | Noticed Frederick
 51059 | Elf:1    | Entered Level 1 of the Elven Halls
 51076 | Elf:1    | Paralysed by an air elemental for 1 turns
 51566 | Elf:1    | Identified the ring "Qecig" {rC+ Will++ Str-4 Slay+3}
 51575 | Elf:1    | Reached XP level 24. HP: 202/202 MP: 0/0
 51619 | Elf:1    | Noticed Norris
 51622 | Elf:1    | Killed Norris
 51694 | Elf:1    | Found Jastecu's Book Shop.
 51943 | Elf:2    | Paralysed by an air elemental for 1 turns
 52046 | Elf:2    | Found Hunag's Jewellery Shoppe.
 52047 | Elf:2    | Found Iczuid's Book Shop.
 52048 | Elf:2    | Found Mynin's Jewellery Shoppe.
 52627 | Elf:2    | Acquired a manual of Spellcasting
 52793 | Elf:2    | Found a runed translucent gate.
 52794 | Elf:2    | Found a runed translucent gate.
 52794 | Elf:2    | Found a runed translucent gate.
 52871 | Elf:3    | Entered Level 3 of the Elven Halls
 53444 | Elf:3    | Reached skill level 10 in Shields
 53494 | Elf:3    | Identified the ring of Folojaist {Ice Dex+3}
 53507 | Elf:3    | Identified the +2 scale mail of Classification {Regen+
                  | Str+2 Slay+3}
 53671 | Elf:3    | Identified the +1 shortbow of the Reaper {drain, ^Contam
                  | rC+++ MP+9 Str+3}
 54002 | Elf:3    | Found a gateway to a bazaar.
 54021 | Bazaar   | Entered a bazaar
 54023 | Bazaar   | Found Qerezib's Jewellery Boutique.
 54046 | Bazaar   | Found Tistenli's Antique Weapon Emporium.
 54074 | Bazaar   | Found Zufengos's Magic Scroll Shoppe.
 54080 | Bazaar   | Bought 2 scrolls of acquirement for 1144 gold pieces
 54080 | Bazaar   | Bought a scroll of fear for 44 gold pieces
 54096 | Bazaar   | Found Velusm's Book Boutique.
 54120 | Bazaar   | Bought a crude flail for 229 gold pieces
 54120 | Bazaar   | Identified the +10 flail of Karma {drain, rC+} (You bought
                  | it in a shop in a bazaar)
 54210 | Elf:3    | Acquired a manual of Armour
 54214 | Elf:3    | Acquired the staff of the Jester {rElec Str+4 Air}
 54556 | Depths:2 | Bought a runed kite shield for 300 gold pieces
 54654 | Depths:2 | Reached skill level 15 in Armour
 54666 | Depths:3 | Noticed the Enchantress
 54682 | Depths:2 | Killed the Enchantress
 55767 | Crypt:1  | Entered Level 1 of the Crypt
 56043 | Crypt:1  | Reached XP level 25. HP: 205/209 MP: 0/0
 56043 | Crypt:1  | Learned a level 8 spell: Disjunction
 57424 | Crypt:3  | Entered Level 3 of the Crypt
 57717 | Crypt:3  | Identified the ring of Yblumed {Ice rElec MP+9 Str+4 SInv}
 57717 | Crypt:3  | Noticed Josephina
 58265 | Crypt:3  | Killed Josephina
 58610 | Crypt:3  | Noticed Vv
 58901 | Crypt:3  | Killed Vv
 59140 | Crypt:3  | Identified the +8 dagger "Isacviar" {protect, rF+ Str+2}
 59598 | Crypt:3  | Found a staircase to the Tomb.
 59995 | Slime:1  | Entered Level 1 of the Pits of Slime
 60027 | Slime:1  | Reached XP level 26. HP: 218/218 MP: 0/0
 61748 | Slime:5  | Entered Level 5 of the Pits of Slime
 61916 | Slime:5  | Noticed the Royal Jelly
 61993 | Slime:5  | Killed the Royal Jelly
 62250 | Slime:5  | Identified the +8 shortbow "Gram" {flame, rCorr Dex+3
                  | Stlth+}
 62264 | Slime:5  | Identified the +1 hand axe of Cuomer {freeze, Int+5}
 62265 | Slime:5  | Identified the +1 war axe of Mulyffihe {speed, SInv}
 62334 | Slime:5  | Got a slimy rune of Zot
 63522 | Spider:1 | Killed Gohat's ghost
 63532 | Spider:1 | Killed endersaim's ghost
 63534 | Spider:1 | Killed Gohat's ghost
 63535 | Spider:1 | Killed Taocaav's ghost
 63589 | Spider:1 | Identified the +0 chain mail "Tyab" {Will+}
 63592 | Spider:1 | Identified the ring of Avuze {Dex+2 SInv}
 63957 | Depths:3 | Reached skill level 27 in Fighting
 63960 | Depths:3 | Paralysed by an air elemental for 1 turns
 64023 | Depths:3 | Paralysed by an air elemental for 1 turns
 64153 | Depths:3 | Killed Frederick
 64164 | Depths:3 | Paralysed by an air elemental for 1 turns
 64171 | Depths:3 | Killed Sojobo
 64284 | Depths:3 | Identified the +3 pair of boots of Tempters {rC- rCorr
                  | Dex+4}
 64642 | Depths:3 | Found a white marble altar of Elyvilon.
 64692 | Depths:3 | Reached XP level 27. HP: 228/228 MP: 0/0
 64692 | Depths:3 | Learned a level 9 spell: Dragon's Call
 64700 | Depths:3 | Identified the +4 sling of the Vanishing Ears {freeze,
                  | Int+7}
 64775 | Depths:3 | Found an iron altar of Okawaru.
 64779 | Depths:3 | Found the +6 lightning scales {swift, rElec}
 64820 | Depths:3 | Identified the +0 pair of gloves "Koef" {Dex+6}
 65018 | Depths:4 | Entered Level 4 of the Depths
 65032 | Depths:4 | Noticed Xtahua
 65043 | Depths:4 | Noticed Jory
 65731 | Depths:4 | Killed Xtahua
 65855 | Depths:4 | Found a gate to the Realm of Zot.
 65957 | Depths:4 | Killed Jory
 66389 | Zot:1    | Entered Level 1 of the Realm of Zot
 67155 | Zot:1    | Found the +4 dragonskin cloak
 67155 | Zot:1    | Noticed Tiamat
 67169 | Zot:1    | Killed Tiamat
 67818 | Zot:2    | Identified the +2 cloak of Vlad {Int+4}
 67818 | Zot:2    | Found a transporter.
 67820 | Zot:2    | Noticed a Killer Klown
 68048 | Zot:2    | Killed a Killer Klown
 68109 | Zot:2    | Found a transporter.
 68115 | Zot:2    | Identified the +11 long sword "Viur" {freeze, rN+ Dex-3
                  | Stlth+}
 68116 | Zot:2    | Identified the -2 cloak of Ythelok {Str+4}
 68120 | Zot:2    | Found a bloodstained altar of Trog.
 68134 | Zot:2    | Noticed Rais Zisar's ghost (master VSBe)
 68341 | Zot:2    | Identified the +7 flail of Absolution {venom, rPois Stlth+}
 68761 | Zot:3    | Reached skill level 27 in Fire Magic
 69138 | Zot:3    | Reached skill level 27 in Spellcasting
 71073 | Zot:5    | Entered Level 5 of the Realm of Zot
 71244 | Zot:5    | Identified the +1 morningstar "Havefaur" {freeze, rCorr}
 71861 | Zot:5    | Noticed an orb of fire
 71876 | Zot:5    | Killed an orb of fire
 71941 | Zot:5    | Noticed an orb of fire
 71948 | Zot:5    | Killed an orb of fire
 72217 | Zot:5    | Noticed an orb of fire
 72218 | Zot:5    | Gained mutation: You have hidden genetic potential. [an orb
                  | of fire]
 72221 | Zot:5    | Noticed a dread lich
 72227 | Zot:5    | Killed an orb of fire
 72230 | Zot:5    | Killed a dread lich
 72231 | Zot:5    | Noticed an orb of fire
 72236 | Zot:5    | Noticed an orb of fire
 72236 | Zot:5    | Gained mutation: You are frail. (-10% HP) [an orb of fire]
 72237 | Zot:5    | Killed an orb of fire
 72240 | Zot:5    | Gained mutation: You occasionally lose the ability to read
                  | scrolls when taking damage. [an orb of fire]
 72241 | Zot:5    | Killed an orb of fire
 72243 | Zot:5    | Noticed a dread lich
 72246 | Zot:5    | Killed a dread lich
 72247 | Zot:5    | Noticed a Killer Klown
 72250 | Zot:5    | Noticed a Killer Klown
 72253 | Zot:5    | Killed a Killer Klown
 72256 | Zot:5    | Noticed an ancient lich
 72276 | Zot:5    | Killed a Killer Klown
 72285 | Zot:5    | Killed an ancient lich
 72397 | Zot:5    | Noticed a Killer Klown
 72516 | Zot:5    | Killed a Killer Klown
 72547 | Zot:5    | Noticed a Killer Klown
 72554 | Zot:5    | Killed a Killer Klown
 72968 | Zot:5    | Noticed an orb of fire
 72975 | Zot:5    | Gained mutation: You are very frail. (-20% HP) [an orb of
                  | fire]
 72982 | Zot:5    | Killed an orb of fire
 73123 | Zot:5    | Noticed an orb of fire
 73240 | Zot:5    | Killed an orb of fire
 73296 | Zot:5    | Lost mutation: You are very frail. (-20% HP) [potion of
                  | mutation]
 73296 | Zot:5    | Lost mutation: You are frail. (-10% HP) [potion of
                  | mutation]
 73296 | Zot:5    | Lost mutation: You occasionally lose the ability to read
                  | scrolls when taking damage. [potion of mutation]
 73296 | Zot:5    | Gained mutation: You sometimes lose your temper in combat.
                  | [potion of mutation]
 73297 | Zot:5    | Lost mutation: You have hidden genetic potential. [potion
                  | of mutation]
 73297 | Zot:5    | Lost mutation: You sometimes lose your temper in combat.
                  | [potion of mutation]
 73297 | Zot:5    | Gained mutation: Your movements are slightly less
                  | encumbered by armour. (ER -2) [potion of mutation]
 73297 | Zot:5    | Gained mutation: Your natural rate of healing is unusually
                  | fast. [potion of mutation]
 73805 | Zot:5    | Noticed a dread lich
 73807 | Zot:5    | Noticed an orb of fire
 73823 | Zot:5    | Killed an orb of fire
 73827 | Zot:5    | Noticed a Killer Klown
 73828 | Zot:5    | Killed a dread lich
 73838 | Zot:5    | Killed a Killer Klown
 75203 | Zot:5    | Got the Orb of Zot
 75289 | Zot:3    | Noticed Byuz the pandemonium lord
 75623 | D:8      | Noticed Uhusit the pandemonium lord
 75752 | D:$      | Escaped with the Orb!

Illustrated notes

Levels and vault maps discovered:
D:1:      ncdulo_smallfort, layout_basic
D:2:      layout_rooms, minmay_cut_off
D:3:      cheibrodos_thug_alley, layout_loops_ring, lemuel_crystal_altar
D:4:      layout_rooms, gammafunk_ghost_arena, kennysheep_generic_room_11
D:5:      layout_basic
D:6:      layout_basic, enter_ossuary_1, serial_shops,
          nicolae_shop_tiny_statue_garden
D:7:      minmay_flawed_box, layout_basic, nicolae_overflow_hidden_temple,
          gammafunk_ghost_abyssal_escape, bh_walls_and_bars
D:8:      layout_cave_pools, grunt_gozag_breadcrumbs
D:9:      layout_irregular_city, lair_entry_dummy, grunt_decor_arrowhead,
          minmay_diced_spiral
D:10:     layout_layer_cave, lemuel_coloured_pillars_altar, old_standard_altar,
          uniq_urug, uniq_maggie, uniq_joseph
D:11:     minmay_the_grid_4x2 [minmay_the_grid_stretched_grid,
          minmay_the_grid_tiny_cups, minmay_the_grid_gridbox,
          minmay_the_grid_fan, minmay_the_grid_minigrid_large,
          minmay_the_grid_pillar_ring, minmay_the_grid_expand,
          minmay_the_grid_prize_shrinking_boxes], layout_stronghold,
          orc_0_dummy, nicolae_looking_at_the_future
D:12:     layout_rooms, st_stairs_4, uniq_frances
D:13:     layout_small_grid, erik_vaults_2, serial_shops,
          nicolae_shop_hallway_stairs
D:14:     layout_roguey, hangedman_decor_riveting, uniq_nessos, uniq_kirke
D:15:     hangedman_depths_entry_civil_slaughter, layout_cave_pools,
          minmay_pinched_square
Temple:   sentei_temple_godly_chess
Lair:1:   layout_roguey, grunt_megastairs_4
Lair:2:   layout_roguey, minmay_shoals_entry_hut, ebering_ghost_rock_garden
Lair:3:   layout_hall_layers, spider_nest_entry_a, lemuel_old_faithful
Lair:4:   layout_loops_ring, minmay_slime_entry_jelly_boxes
Lair:5:   hangedman_lair_tendril_chambers, layout_hall_layers,
          guppyfry_lair_end_dragon
Shoals:1: layout_shoals, lemuel_altar_in_water, uniq_roxanne
Shoals:2: layout_shoals, serial_shops, shop, hangedman_shoals_cup_caves,
          uniq_polyphemus, uniq_mlioglotl
Shoals:3: layout_shoals, nicolae_shoals_goliath_grotto
Shoals:4: shoals_end_hellmonk_lost_city
Spider:1: layout_spider_delve, gammafunk_ghost_cemetery,
          nicolae_spider_bug_shape
Spider:2: layout_spider_delve
Spider:3: layout_spider_delve, ebering_ghost_inner_flame
Spider:4: hellmonk_spider_rune_endless_swarm, uniq_arachne
Slime:1:  layout_caves
Slime:2:  layout_caves
Slime:3:  layout_caves
Slime:4:  layout_caves, nicolae_slime_rock_hall_of_fame
Slime:5:  slime_pit_nicolae_block_by_block
Orc:1:    layout_caves, gammafunk_ghost_smash, library_closet, uniq_jorgrun
Orc:2:    st_orc_elflike, layout_caves, nicolae_orc_beogh_chapel
Elf:1:    layout_rooms, serial_shops, nicolae_shop_peninsula,
          minmay_elf_sorcery, uniq_norris
Elf:2:    nicolae_elf_blades_crystal_corner, layout_gridlike, basic_altar,
          dreamdust_princess_corridor, lemuel_upstairs_altar, minmay_shop_grove
Elf:3:    minmay_elf_hall_x, layout_gridlike, serial_shops, bzr_entry_lakeside
Vaults:1: nicolae_vaults_more_shelving_2, nicolae_vaults_sealed_display,
          nicolae_vaults_house_2, nicolae_vaults_door_testing_chamber,
          nicolae_vaults_trapezoid_1, nicolae_vaults_alarming, st_spiral_rooms,
          v_misc_19, v_rooms_3, ontoclasm_vaults_eye,
          nicolae_vaults_tetromino_L_1, layout_vaults_omnicross, uniq_aizul
Vaults:2: nicolae_vaults_diamond_1, v_rooms_1, ontoclasm_vaults_decontamination,
          v_misc_17, grunt_vaults_trifunnel, vaults_room_door_hall, v_misc_25,
          v_misc_16, nicolae_vaults_shelves_hall, v_rooms_4,
          nicolae_vaults_six-pack, nicolae_vaults_diamond_2,
          layout_vaults_chaotic_city, enter_trove_0, serial_shops, shop,
          uniq_mara, uniq_mennas
Vaults:3: v_pattern_3, vaults_mumra_hexcomb, v_rooms_4, v_misc_13,
          vaults_room_door_hall, minmay_crypt_entry_necro_gods,
          hangedman_vaults_hat, hangedman_vaults_maws,
          nicolae_vaults_circle_grid_a, nicolae_vaults_little_squares_5,
          nicolae_vaults_theta, nicolae_vaults_shipping_containers_5,
          layout_vaults_maze, serial_shops, shop_fountains
Vaults:4: portal_desolation_entry_nicolae_slug, vaults_dpeg_hooks,
          nicolae_vaults_diamond_1, dpeg_vaults_monster_row,
          nicolae_vaults_storage_room_glass, v_rooms_5, v_pattern_2,
          vaults_mumra_lcd, nicolae_vaults_house_2, vaults_room_door_ring,
          grunt_vaults_funnel, nicolae_vaults_network_square,
          layout_vaults_omnigrid, serial_shops, shop, uniq_margery
Crypt:1:  layout_gridlike
Crypt:2:  layout_chaotic_city
Crypt:3:  church_of_pain_bobbens, layout_chaotic_city,
          nicolae_tomb_entry_rubble_hallway, amcnicky_mini_corridor_feature,
          uniq_vv, uniq_josephina
Depths:1: layout_cave_pools, abyss_entry_flame_altar, grunt_decor_cap,
          hell_entry, hangedman_stitches_earthworm, uniq_bai_suzhen, uniq_nikola
Depths:2: minmay_containers, layout_gridlike, ziggurat_fallback, hell_entry,
          nicolae_dithmenos_through_a_glass_darkly, pan_entry, minmay_shop_star
Depths:3: evilmike_iron_armoury, layout_gridville, hell_entry, abyss_entry,
          elyvilon_altar_4, pan_entry, minmay_starry_boxes,
          infiniplex_staircase_x, uniq_frederick, uniq_enchantress, uniq_sojobo
Depths:4: grunt_twist_and_shout, layout_cave_pools, minmay_misc_feat_hallway,
          pf_hell_entry_tar_spiral, serial_column_ruins,
          column_ruins_portal_squares, column_ruins_square_medium,
          column_ruins_grid_3, column_ruins_columns_straight,
          column_ruins_open_large, column_ruins_grid_1, column_ruins_grid_1,
          chequers_serial_rivers_room_a, kennysheep_pointless_box, uniq_xtahua,
          uniq_jory
Zot:1:    layout_basic, st_stairs_11, uniq_tiamat
Zot:2:    layout_misc_corridors, gammafunk_ghost_wrathful_warriors
Zot:3:    kennysheep_ambush_hall, layout_twisted_circle,
          regret_index_zotdec_barnacled_simple, amethyst_zot_foddershock
Zot:4:    layout_onion_interference
Zot:5:    layout_basic, grunt_ministairs_14

Skill      XL: |  1  2  3  4  5  6  7  8  9 10 11 12 13 14 15 16 17 18 19 20 21 22 23 24 25 26 27 |
---------------+----------------------------------------------------------------------------------+-----
Fighting       | 1 3 4 5 6 8 10 12 14 15 17 18 19 20 21 22 23 24 25 26 27 | 27.0
Spellcasting   | 4 5 6 8 9 10 11 12 13 14 15 16 17 18 21 27 | 27.0
Conjurations   | 4 5 6 8 9 10 11 12 13 14 15 16 17 19 26 | 26.2
Hexes          | 4 5 6 8 9 10 11 12 13 14 15 16 17 19 26 | 26.2
Summonings     | 4 5 6 8 9 10 11 12 13 14 15 16 17 19 26 | 26.2
Necromancy     | 4 5 6 8 9 10 11 12 13 14 15 16 17 19 26 | 26.2
Translocations | 4 5 6 8 9 10 11 12 13 14 15 16 17 19 26 | 26.2
Fire Magic     | 4 5 6 8 9 10 11 12 13 14 15 16 18 19 21 27 | 27.0
Ice Magic      | 4 5 6 8 9 10 11 12 13 14 15 16 17 19 26 | 26.2
Air Magic      | 4 5 6 8 9 10 11 12 13 14 15 16 17 19 26 | 26.2
Earth Magic    | 4 5 6 8 9 10 11 12 13 14 15 16 17 19 26 | 26.2
Alchemy        | 4 5 6 8 9 10 11 12 13 14 15 16 17 19 26 | 26.2
Armour         | 2 3 4 6 8 10 11 12 13 14 15 17 18 | 18.0
Stealth        | 3 4 6 7 8 |  8.0
Dodging        | 4 7 9 10 12 13 14 15 16 18 20 21 | 21.0
Shields        | 4 6 9 10 | 10.0
Evocations     | 5 7 8 |  8.0

Action                     |  1- 3 |  4- 6 |  7- 9 | 10-12 | 13-15 | 16-18 | 19-21 | 22-24 | 25-27 || total
---------------------------+-------+-------+-------+-------+-------+-------+-------+-------+-------++-------
  Melee: Dagger            |       |       |     5 |     4 |     1 |       |       |       |       ||    10
         Double sword      |       |       |       |       |       |       |       |     1 |    11 ||    12
   Cast: Magic Dart        |    45 |   106 |   211 |   380 |   307 |       |       |       |       ||  1049
         Searing Ray       |     2 |     8 |    40 |    40 |    40 |       |       |       |       ||   130
         Mercury Vapours   |       |     3 |     1 |       |     3 |       |       |       |       ||     7
         Iskenderun's Myst |       |       |    16 |   159 |   258 |    27 |    43 |    99 |    49 ||   651
         Fulminant Prism   |       |       |     3 |    23 |    36 |       |       |       |       ||    62
         Sticky Flame      |       |       |       |     1 |    10 |       |       |       |       ||    11
         Summon Forest     |       |       |       |       |    10 |       |     1 |     4 |     5 ||    20
         Plasma Beam       |       |       |       |       |   153 |   477 |   536 |   689 |  1298 ||  3153
         Summon Cactus Gia |       |       |       |       |       |     1 |     4 |     8 |    10 ||    23
         Haunt             |       |       |       |       |       |       |       |     6 |     2 ||     8
         Disjunction       |       |       |       |       |       |       |       |       |    66 ||    66
         Lehudib's Crystal |       |       |       |       |       |       |       |       |    62 ||    62
         Dragon's Call     |       |       |       |       |       |       |       |       |     6 ||     6
  Evoke: Wand              |       |       |       |     3 |     2 |       |     5 |       |     3 ||    13
         Phantom mirror    |       |       |       |       |       |       |     2 |     1 |     1 ||     4
         Phial of floods   |       |       |       |       |       |       |     2 |       |     1 ||     3
         Condenser vane    |       |       |       |       |       |       |     1 |     1 |       ||     2
    Use: Scroll            |       |    10 |     8 |    13 |     5 |     2 |     3 |    11 |     3 ||    55
         Potion            |       |       |       |     1 |     1 |     1 |     6 |     2 |     3 ||    14
   Stab: Distracted        |       |       |       |       |       |       |       |       |     2 ||     2
 Armour: Robe              |     1 |     7 |    67 |    86 |       |       |       |       |       ||   161
         Leather armour    |       |       |       |    45 |    56 |    47 |       |       |       ||   148
         Troll leather arm |       |       |       |       |   136 |    13 |       |       |       ||   149
         Ice dragon scales |       |       |       |       |       |       |   210 |   219 |    18 ||   447
         Acid dragon scale |       |       |       |       |       |       |       |       |   298 ||   298
  Dodge: Dodged            |     2 |    12 |    79 |    77 |   160 |    62 |    82 |   132 |   309 ||   915
  Block: Buckler           |       |       |       |       |    22 |    18 |    64 |    86 |   119 ||   309
